 Dungeon Crawl Stone Soup version 0.20.1-1-g8b1a95d (webtiles) character file.

15 Monsterracer the Ruffian (level 2, -5/25 HPs)
             Began as a Naga Transmuter on Aug 14, 2017.
             Slain by a kobold
             ... wielding a +0 short sword
              (9 damage)
             ... on level 1 of the Dungeon.
             The game lasted 00:01:04 (448 turns).

Monsterracer the Ruffian (Naga Transmuter)           Turns: 448, Time: 00:01:05

Health: -5/25      AC:  2    Str: 12    XL:     2   Next: 50%
Magic:  3/5        EV: 10    Int: 13    God:
Gold:   20         SH:  0    Dex: 11    Spells: 2/5 levels left

rFire    . . .     SeeInvis +     - Unarmed
rCold    . . .     Gourm    .   (no shield)
rNeg     . . .     Faith    .   b - +0 robe
rPois    +         Spirit   .   e - +0 helmet
rElec    .         Reflect  .   (no cloak)
rCorr    .         Harm     .   (no gloves)
MR       .....                  (no barding)
Stlth    +.........             (no amulet)
Regen    0.1/turn               (no ring)
MPRegen  0.1/turn               (no ring)

@: very slow
A: see invisible, deformed body, poison resistance, slowness 2, slow metabolism
1, spit poison 1, AC +0
a: Spit Poison


You were on level 1 of the Dungeon.
You were not hungry.

You visited 1 branch of the dungeon, and saw 1 of its levels.

You collected 20 gold pieces.

Inventory:

Missiles
 a - 16 arrows
Armour
 b - a +0 robe (worn)
 e - a +0 helmet (worn)
Scrolls
 g - a scroll of identify {unknown}
 h - a scroll of teleportation {unknown}
Potions
 f - a potion of agility {unknown}
Books
 c - a book of Changes

   Spells                             Type                      Level
   a - Beastly Appendage              Transmutation                1
   b - Sticks to Snakes               Transmutation                2
   c - Spider Form                    Transmutation/Poison         3
   d - Ice Form                       Ice/Transmutation            4
   e - Blade Hands                    Transmutation                5
Comestibles
 d - 3 bread rations


   Skills:
 - Level 1.0 Fighting
 - Level 1.5 Dodging
 + Level 3.3 Unarmed Combat
 - Level 2.0 Spellcasting
 + Level 2.6 Transmutations


You had 2 spell levels left.
You knew the following spells:

 Your Spells              Type           Power        Failure   Level  Hunger
a - Beastly Appendage     Tmut           #.....       9%          1    ##.....
b - Sticks to Snakes      Tmut           #.......     13%         2    ###....


Dungeon Overview and Level Annotations

Branches:
Dungeon (1/15)

Altars:


Innate Abilities, Weirdness & Mutations

You cannot wear boots.
Your serpentine skin is tough. (AC +0)
You have supernaturally acute eyesight. (SInv)
Armour fits poorly on your strangely shaped body.
Your system is resistant to poisons. (rPois)
You cover ground very slowly.
You have a slow metabolism.
You can spit poison.


Message History

The jackal is almost dead.
You feel slightly more hungry.
The jackal bites you but does no damage. x2
You hit the jackal.
You kill the jackal!
The kobold throws a stone.
The stone hits you.
* * * LOW HITPOINT WARNING * * *
Damage: -4%(-1hp) hp: 36%(9hp) Unknown command.
The kobold throws a stone.
The stone hits you.
* * * LOW HITPOINT WARNING * * *
Huge Dmg: -20%(-5hp) hp: 16%(4hp)
Casting: Sticks to Snakes
Confirm with . or Enter, or press ? or * to list all spells.
You create a snake!
You now have 16 arrows.
You have got your breath back.
Press: ? - help, Shift-Dir - straight line, f/p - kobold
Aim: a kobold, wielding a short sword and wearing a blackened golden ring You fail to use your ability.
The kobold hits you with a short sword!
You die...

########## ###
#######..).....# ...
.............#.#
####.#############.####.#.###
.........†hK.................
###..).####@###.#.####...##.
####.####.###.#.# ##..# .
#..%.K#..S.....#.# #..##.
#.#.###.##.#####.# #..... #.
##.##..†....# #.###. .
#............. #.###. ##
#############. #..... #.#..#
#.##..


You could see a jackal, a kobold and a friendly ball python.

Vanquished Creatures
  A dart slug (D:1)
  A goblin (D:1)
  4 hobgoblins (D:1)
  2 jackals (D:1)
  2 kobolds (D:1)
  A rat (D:1)
11 creatures vanquished.

Notes
Turn   | Place    | Note
-------+----------+-------------------------------------------
     0 | D:1      | Monsterracer the Naga Transmuter began the quest for the Orb.
     0 | D:1      | Reached XP level 1. HP: 18/18 MP: 3/3
   310 | D:1      | Reached XP level 2. HP: 25/25 MP: 5/5
   314 | D:1      | Learned a level 2 spell: Sticks to Snakes
   435 | D:1      | HP: 11/25 [jackal (3)]
   443 | D:1      | HP: 10/25 [jackal (2)]
   446 | D:1      | HP: 4/25 [kobold/stone (5)]
   448 | D:1      | Slain by a kobold

Action                   || total
-------------------------++-------
Melee: Unarmed           ||    25
       Punch             ||     1
 Cast: Sticks to Snakes  ||     2
 Abil: Spit Poison       ||     9
 Stab: Sleeping          ||     1
Armor: Robe              ||    10
Dodge: Dodged            ||    17
